 Dungeon Crawl Stone Soup version 0.31-a0-664-g902f515a81 (webtiles) character file.

Game seed: 17191883611310973560

1904 Sanktem7 the Blocker (level 8, 0/46 (71) HPs)
             Began as a Minotaur Fighter on Sept 3, 2023.
             Was an Initiate of Okawaru.
             Slain by Jeremiah
             ... wielding a +3 trident of draining
              (2 damage)
             ... on level 6 of the Dungeon.
             The game lasted 00:12:42 (5487 turns).

Sanktem7 the Blocker (Minotaur Fighter)             Turns: 5487, Time: 00:12:42

HP:   0/46 (71)     AC: 11    Str: 27    XL:     8   Next: 94%
MP:   7/7           EV:  8    Int:  5    God:    Okawaru [......]
Gold: 341           SH:  5    Dex:  9    Spells: 7/7 levels left

rFire   . . .        a - +0 war axe {axe}
rCold   + . .        c - +0 buckler
rNeg    . . .        I - +0 chain mail
rPois   .            (helmet restricted)
rElec   .            h - +0 cloak
rCorr   +            (no gloves)
SInv    .            (no boots)
Will    .....        D - amulet of regeneration {@e2} Stlth
                     s - ring of protection from cold
HPRegen 1.07/turn    w - ring "Didghuke" {rCorr Str+3}
MPRegen 0.10/turn

%: no passive effects
@: very heavily drained
A: horns 2, retaliatory headbutt
a: Renounce Religion


You were on level 6 of the Dungeon.
You worshipped Okawaru.
Okawaru was noncommittal.
You visited 2 branches of the dungeon, and saw 8 of its levels.
You also visited: Sewer.

You collected 341 gold pieces.


Innate Abilities, Weirdness & Mutations

You have a pair of horns on your head.
You reflexively headbutt those who attack you in melee.


   Skills:
 + Level 6.6 Fighting
 * Level 7.9 Axes
 + Level 3.8 Throwing
 + Level 6.4 Armour
 * Level 8.1 Shields


You had 7 spell levels left.
You didn't know any spells.
Your spell library contained the following spells:

 Spells                   Type           Power      Damage    Failure   Level
 Apportation              Tloc           0%         N/A       95%         1
 Necrotise                Necr           0%         1d4       95%         1
 Summon Small Mammal      Summ           Unusable   N/A       N/A         1

Inventory:

Hand Weapons
 a - a +0 war axe (weapon) {axe}
 E - a +2 falchion of flaming {long}
   (You found it on level 6 of the Dungeon)
 F - a +1 whip of venom {mace}
   (You took it off an orc on level 7 of the Dungeon)
 G - a +3 flail {mace}
   (You took it off a wight on level 5 of the Dungeon)
Missiles
 f - 76 stones {throwing}
 l - 33 poisoned darts {throwing}
 r - 11 boomerangs {throwing}
 u - 8 curare-tipped darts {=fthrowing}
Armour
 c - a +0 buckler (worn)
 h - a +0 cloak (worn)
   (You found it on level 1 of the Dungeon)
 I - a +0 chain mail (worn)
   (You found it on level 5 of the Dungeon)
Jewellery
 s - a ring of protection from cold (left hand)
   (You found it on level 3 of the Dungeon)
 w - the ring "Didghuke" (right hand) {rCorr Str+3}
   (You found it on level 3 of the Dungeon)

   [ring of resist corrosion]

   Str+3:     It affects your strength (+3).
   rCorr:     It protects you from acid and corrosion.
 D - an amulet of regeneration (around neck) {@e2}
   (You found it on level 4 of the Dungeon)
Talismans
 K - a storm talisman
   (You found it on level 6 of the Dungeon)
Wands
 k - a wand of mindburst (14)
   (You found it on level 5 of the Dungeon)
Scrolls
 e - 4 scrolls of poison {unknown}
 g - 5 scrolls of identify {unknown}
 j - 2 scrolls of amnesia {unknown}
 o - 3 scrolls of enchant weapon {unknown}
 q - 2 scrolls of vulnerability {unknown}
 t - a scroll of brand weapon {unknown}
 v - 2 scrolls of revelation {unknown}
 y - a scroll of fog {unknown}
 C - 2 scrolls of teleportation {unknown}
 J - a scroll of noise {unknown}
Potions
 b - a potion of enlightenment {unknown}
 d - 2 potions of might
 i - a potion of heal wounds {@q2}
 m - 2 potions of attraction {unknown}
 n - 2 potions of mutation {unknown}
 p - a potion of brilliance {unknown}
 x - 2 potions of curing {unknown}
 z - a potion of berserk rage {unknown}
 A - 2 potions of haste {unknown}
 B - a potion of degeneration {unknown}
 H - a potion of cancellation {unknown}

Dungeon Overview and Level Annotations

Branches:
Dungeon (7/15) Zot: 25297  Temple (1/1) D:6 Zot: 5955   Sewer (visited)

Altars:
Ashenzari
Cheibriados
Elyvilon
Fedhas
Gozag
Makhleb
Nemelex Xobeh
Okawaru
Qazlal
Ru
Sif Muna
Trog
Uskayaw
Vehumet
Wu Jian
Xom
Yredelemnul
Zin
The Shining One

Shops:
D:1 ?   D:5 :

Annotations:
D:6 3 runed translucent doors, Jeremiah; Palms's ghost, novice HONe

#.[..........................
#...........................โ€
#..........b............b..)b
#.......................รท....
#..........b.................
#............................
#...........b................
#.........รท...b..b...........
#...........@.....b..........
#...........bF...............
#...........b.....##.##......
###############.#.#...#..###.
#.....>....# #. ###P#...#..#
#. ####.###.# #. #P.P##.# ##
##.....#


You could see Jeremiah.


Message History

You slash the butterfly!
You kill the butterfly!
The butterfly disappears in a burst of colours!
You slash the butterfly!
You kill the butterfly!
The butterfly disappears in a burst of colours!
Jeremiah hits you with a +3 trident of draining.
You feel drained. ๐Ÿ˜• HP[-8]
You now have 54 max hp (-1).
You take 8 damage, and now have 45/54 hp.
You slash Jeremiah! Your headbutt misses Jeremiah. You slash the butterfly!
You kill the butterfly!
The butterfly disappears in a burst of colours!
You slash the butterfly!
You kill the butterfly!
The butterfly disappears in a burst of colours!
You barely miss the butterfly.
The butterfly disappears in a burst of colours! x2
Jeremiah hits you but does no damage.
You feel drained.
Jeremiah hits you with a +3 trident of draining.
You feel drained. ๐Ÿ˜• HP[+1]
You now have 52 max hp (-2).
You closely miss Jeremiah. You closely miss the butterfly.
You barely miss the butterfly. x2; You miss the butterfly.
You slash the butterfly!
You kill the butterfly!
The butterfly disappears in a burst of colours!
Jeremiah hits you but does no damage.
You feel drained. ๐Ÿ˜• HP[+1]
You now have 51 max hp (-1).
You closely miss Jeremiah. You miss the butterfly.
You closely miss the butterfly. You slash the butterfly!
You kill the butterfly!
The butterfly disappears in a burst of colours!
You closely miss the butterfly.
Jeremiah hops! ๐Ÿ˜• HP[+1] Unknown command. ๐Ÿ˜• HP[+1]
The butterfly disappears in a burst of colours! ๐Ÿ˜• HP[+1] ๐Ÿ˜Ž HP[+1]
Your hp is fully restored (51).
Jeremiah lets out a twisted cry.
Something smites you! ๐Ÿ˜• HP[-12]
You take 12 damage, and now have 39/51 hp.
MASSIVE DAMAGE!! (PAUSE)
You closely miss Jeremiah. Your headbutt misses Jeremiah.
You miss the butterfly. You barely miss the butterfly. x2
Jeremiah closely misses you.
Jeremiah says, "I don't want to hurt you.
Just - go!
Run!"
Jeremiah hits you with a +3 trident of draining.
You feel drained. ๐Ÿ˜ฎ HP[-2]
You now have 50 max hp (-1).
You take 2 damage, and now have 37/50 hp.
You hit Jeremiah but do no damage.
You headbutt Jeremiah, but do no damage.
You hit the butterfly.
You kill the butterfly!
The butterfly disappears in a burst of colours!
You barely miss the butterfly. You slash the butterfly!
You kill the butterfly!
The butterfly disappears in a burst of colours!
Jeremiah hits you with a +3 trident of draining!
You feel drained. ๐Ÿ˜ฎ HP[-11]
You now have 48 max hp (-2).
You take 11 damage, and now have 26/48 hp.
MASSIVE DAMAGE!! (PAUSE)
You slash Jeremiah! Your headbutt misses Jeremiah. You hit the butterfly.
You kill the butterfly!
The butterfly disappears in a burst of colours!
You closely miss the butterfly. x2
The butterfly disappears in a burst of colours!
Jeremiah lets out a twisted cry.
Something smites you!
* * * LOW HITPOINT WARNING * * *
๐Ÿ˜จ HP[-13]
You take 13 damage, and now have 13/48 hp.
MASSIVE DAMAGE!! (PAUSE)
You hit Jeremiah but do no damage. You headbutt Jeremiah!
You slash the butterfly!
You kill the butterfly!
The butterfly disappears in a burst of colours!
You hit the butterfly.
You kill the butterfly!
The butterfly disappears in a burst of colours!
You miss the butterfly. You slash the butterfly!
You kill the butterfly!
The butterfly disappears in a burst of colours! x6
Jeremiah hits you with a +3 trident of draining!
* * * LOW HITPOINT WARNING * * *
You feel drained.
You die...
Jeremiah wails, "I didn't mean to kill anyone!
I'm not a murderer!"

Skill      XL: |  1  2  3  4  5  6  7  8 |
---------------+-------------------------+-----
Axes           | 3 4 5 6 7 |  7.9
Fighting       | 4 5 6 |  6.6
Armour         | 4 5 6 |  6.4
Shields        | 4 5 6 8 |  8.1
Throwing       | 1 2 3 |  3.8

Action                     |  1- 3 |  4- 6 |  7- 9 || total
---------------------------+-------+-------+-------++-------
  Melee: War axe           |    61 |   132 |   197 ||   390
         Headbutt          |     5 |    15 |    36 ||    56
    Use: Potion            |       |       |     2 ||     2
 Armour: Scale mail        |    45 |    92 |   123 ||   260
         Chain mail        |       |       |    58 ||    58
  Dodge: Dodged            |    40 |    57 |    95 ||   192
  Block: Buckler           |     9 |    25 |    59 ||    93

Levels and vault maps discovered:
D:1:      mrwooster_arrival_statue_3, layout_loops_ring, serial_shops,
          shop_coins
D:2:      layout_loops_ring, shapermc_ecumenical_altar_mp_ritualfount,
          grunt_ministairs_2, minmay_hexomino_p4
D:3:      layout_loops_ring, mainiacjoe_overflow_boulevard, gup_sewer_entry_pipe
D:4:      layout_basic, marbit_many_paths, kennysheep_decorative_pillar
D:5:      layout_basic, makhleb_heckhound_becter,
          amcnicky_mini_rare_corridor_liquid,
          nicolae_shop_i_like_small_books_too, minmay_chambers_of_fives,
          uniq_eustachio
D:6:      layout_basic, okawaru_ov_weapons_minmay,
          minmay_temple_entry_gardened_gates, ebering_ghost_rock_garden,
          uniq_jeremiah
D:7:      minmay_the_grid_octo_tiled_octocenter
          [minmay_the_grid_octo_vomiting_pacman, minmay_the_grid_octo_chip,
          minmay_the_grid_octo_focus, minmay_the_grid_octo_checkerflower,
          minmay_the_grid_octo_prize_star,
          minmay_the_grid_square_5x5_hollow_slash,
          minmay_the_grid_square_5x5_shuriken, minmay_the_grid_square_5x5_z,
          minmay_the_grid_square_5x5_checkered_sparse], layout_basic,
          kennysheep_little_box, kiku_gazebo_garden_becter
Temple:   hellmonk_temple_of_storms

Notes
Turn   | Place    | Note
-------+----------+-------------------------------------------
     0 | D:1      | Sanktem7 the Minotaur Fighter began the quest for the Orb.
     0 | D:1      | Reached XP level 1. HP: 19/19 MP: 0/0
     0 | D:1      | magus.rc [v1.9.6]
    69 | D:1      | Reached XP level 2. HP: 27/27 MP: 1/1
   173 | D:1      | Reached skill level 3 in Axes
   188 | D:1      | Found Daprauq's Magic Scroll Shoppe.
   759 | D:2      | Reached skill level 4 in Fighting
   759 | D:2      | Reached skill level 4 in Armour
   759 | D:2      | Reached skill level 4 in Shields
   759 | D:2      | Reached XP level 3. HP: 29/30 MP: 2/2
   915 | D:2      | Reached XP level 4. HP: 39/40 MP: 3/3
   917 | D:2      | Reached skill level 4 in Axes
   957 | D:2      | Found a faded altar of an unknown god.
  1542 | D:3      | Found a glowing drain.
  1558 | Sewer    | Entered a sewer
  1733 | Sewer    | Noticed a kobold brigand
  1750 | Sewer    | Killed a kobold brigand
  1751 | Sewer    | Reached skill level 1 in Throwing
  1751 | Sewer    | Reached XP level 5. HP: 27/47 MP: 4/4
  2016 | Sewer    | Reached skill level 5 in Shields
  2099 | Sewer    | Reached XP level 6. HP: 38/53 MP: 5/5
  2165 | Sewer    | Reached skill level 5 in Axes
  2389 | Sewer    | Reached skill level 5 in Fighting
  2430 | Sewer    | Reached skill level 5 in Armour
  2538 | D:3      | Found a glowing silver altar of Zin.
  2544 | D:3      | Identified the ring "Didghuke" {rCorr Str+3}
  2582 | D:3      | Reached XP level 7. HP: 61/61 MP: 6/6
  3166 | D:4      | Reached skill level 2 in Throwing
  3200 | D:4      | You pick up a book of Cantrips and begin reading...
  3200 | D:4      | You add the spells Necrotise, Summon Small Mammal and
                  | Apportation to your library.
  3394 | D:4      | Found a blossoming altar of Fedhas.
  3531 | D:4      | You fall into a shaft and drop 3 floors!
  3629 | D:7      | Reached skill level 6 in Shields
  3636 | D:7      | Reached skill level 6 in Axes
  3766 | D:5      | Entered Level 5 of the Dungeon
  4146 | D:5      | Noticed Eustachio
  4162 | D:5      | Killed Eustachio
  4163 | D:5      | Reached XP level 8. HP: 44/70 MP: 7/7
  4217 | D:5      | Reached skill level 3 in Throwing
  4220 | D:5      | Reached skill level 7 in Shields
  4298 | D:5      | Reached skill level 6 in Fighting
  4298 | D:5      | Reached skill level 7 in Axes
  4311 | D:5      | Reached skill level 6 in Armour
  4553 | D:5      | Found a burning altar of Makhleb.
  4597 | D:5      | Found Kiohor's Tiny Tomes.
  4797 | D:6      | Found an iron altar of Okawaru.
  4990 | D:6      | Became a worshipper of Warmaster Okawaru
  5075 | D:6      | Noticed Jeremiah
  5080 | D:6      | Reached skill level 8 in Shields
  5093 | D:6      | Found a staircase to the Ecumenical Temple.
  5099 | Temple   | Entered the Ecumenical Temple
  5310 | D:6      | Found a runed translucent gate.
  5310 | D:6      | Found a runed translucent gate.
  5324 | D:6      | Found a runed translucent gate.
  5436 | D:6      | Noticed Palms's ghost (novice HONe)
  5487 | D:6      | HP: 2/48 [Jeremiah/+3 trident of draining (12)]
  5487 | D:6      | Slain by Jeremiah

Vanquished Creatures
  Eustachio (D:5)
  A steam dragon (D:6)
  An ice beast (D:5)
  An ogre (D:6)
  A centaur (D:5)
  4 kobold brigands (Sewer)
  2 phantoms
  A bullfrog (D:6)
  A gnoll sergeant (D:5)
  A scorpion (D:6)
  A wight (D:5)
  3 killer bees (D:7)
  2 orc priests
  2 hounds (D:5)
  6 iguanas
  16 adders
  4 river rats (Sewer)
  A white imp (D:5)
  An ufetubus (D:5)
  5 worms
  A dart slug (D:3)
  13 orcs
  13 endoplasms
  5 giant cockroaches
  6 hobgoblins
  8 kobolds
  7 quokkas
  12 ball pythons
  3 bats
  3 frilled lizards
  6 goblins
  8 rats
140 creatures vanquished.

Table legend:
 A = Non-vault XP
 B = Vault XP
 C = Vault XP percentage of total XP
 D = Non-vault monster count
 E = Vault monster count
 F = Vault count percentage of total count
                 A         B        C        D         E       F
            +---------+---------+-------+---------+---------+-------
      Total |    1696 |    1025 |  37.7 |      94 |      46 |  32.9
            +---------+---------+-------+---------+---------+-------
        D:1 |      31 |       0 |   0.0 |      18 |       0 |   0.0
        D:2 |     101 |       5 |   4.7 |      21 |       3 |  12.5
        D:3 |      48 |      14 |  22.6 |      16 |       7 |  30.4
        D:4 |      64 |       2 |   3.0 |       9 |       1 |  10.0
        D:5 |     482 |     448 |  48.2 |      11 |       7 |  38.9
        D:6 |     725 |       0 |   0.0 |      12 |       0 |   0.0
        D:7 |     245 |       0 |   0.0 |       7 |       0 |   0.0
      Sewer |       0 |     556 | 100.0 |       0 |      28 | 100.0
            +---------+---------+-------+---------+---------+-------

Skill      XL: |  1  2  3  4  5  6  7  8 |
---------------+-------------------------+-----
Axes           | 3 4 5 6 7 |  7.9
Fighting       | 4 5 6 |  6.6
Armour         | 4 5 6 |  6.4
Shields        | 4 5 6 8 |  8.1
Throwing       | 1 2 3 |  3.8

Action                     |  1- 3 |  4- 6 |  7- 9 || total
---------------------------+-------+-------+-------++-------
  Melee: War axe           |    61 |   132 |   197 ||   390
         Headbutt          |     5 |    15 |    36 ||    56
    Use: Potion            |       |       |     2 ||     2
 Armour: Scale mail        |    45 |    92 |   123 ||   260
         Chain mail        |       |       |    58 ||    58
  Dodge: Dodged            |    40 |    57 |    95 ||   192
  Block: Buckler           |     9 |    25 |    59 ||    93

Illustrated notes

Table legend:
 A = Kills in this place as a percentage of kills in the entire game.
 B = Kills by you in this place as a percentage of kills by you in the entire game.
 C = Kills by friends in this place as a percentage of kills by friends in the entire game.
 D = Other kills in this place as a percentage of other kills in the entire game.
 E = Experience gained in this place as a percentage of experience gained in the entire game.
 F = Experience gained in this place divided by the number of levels of this place that you have seen.
                   A       B       C       D       E      F
               +-------+-------+-------+-------+-------+----------------------
         Total | 100.0 | 100.0 |   N/A |   N/A | 100.0 | 302.3
       Dungeon |  80.0 |  80.0 |   N/A |   N/A |  79.6 | 309.3
         Sewer |  20.0 |  20.0 |   N/A |   N/A |  20.4 | 556.0
               +-------+-------+-------+-------+-------+----------------------

Table legend: (Time is in decaauts)
 A = Elapsed time spent in this place.
 B = Non-inter-level travel time spent in this place.
 C = Inter-level travel time spent in this place.
 D = Time resting spent in this place.
 E = Time spent auto-exploring this place.
 F = Levels seen in this place.
 G = Mean time per level.
                   A        B        C        D        E       F      G
               +--------+--------+--------+--------+--------+-----+--------+
         Total |   5748 |   5587 |    161 |     38 |   4206 |   9 |  638.7 |
       Dungeon |   4576 |   4415 |    161 |      0 |   3315 |   7 |  653.7 |
        Temple |     44 |     44 |      0 |     38 |      0 |   1 |   44.0 |
         Sewer |   1126 |   1126 |      0 |      0 |    890 |   1 | 1126.0 |
               +--------+--------+--------+--------+--------+-----+--------+

Top non-repeatable levels by time:
   Sewer: 1126 daAuts
     D:5: 817 daAuts
     D:2: 783 daAuts
     D:3: 749 daAuts
     D:6: 729 daAuts
     D:1: 695 daAuts
     D:4: 662 daAuts
     D:7: 138 daAuts
  Temple: 44 daAuts
